 Dungeon Crawl Stone Soup version 0.32-a0-35-gd9ff480968 (webtiles) character file.

Game seed: 16256797857977148556

9294 cforsyth the Fighter (level 11, -1/88 (90) HPs)
             Began as a Djinni Alchemist on Jan 21, 2024.
             Was a Priest of Nemelex Xobeh.
             Killed from afar by a laughing skull (11 damage)
             ... with a bolt of negative energy
             ... on level 1 of the Abyss.
             The game lasted 00:31:02 (11188 turns).

cforsyth the Fighter (Djinni Alchemist)            Turns: 11188, Time: 00:31:03

HP:   -1/88 (90)    AC: 10    Str:  7    XL:     11   Next: 71%
Gold: 540           EV: 12    Int: 21    God:    Nemelex Xobeh [***...] SH:  0 Dex: 14

rFire   + + +        m - +7 scimitar "Dehasm" {venom, rC+}
rCold   + + .        (no shield)
rNeg    + . .        E - +2 robe of the Sea {rC++} rPois โˆž
                     D - +1 hat of the Monk {rElec rPois rF+}
rElec   +            (no cloak)
rCorr   .            y - +0 pair of gloves
SInv    .            (boots unavailable)
Will    +....        (no amulet)
Stlth   ++           a - ring of positive energy
HPRegen 0.34/turn    v - +4 ring of protection
MPRegen 0.00/turn

%: infuse magic (-2 HP)
@: mighty, about to teleport, flying, lightly drained
A: sickness immunity, fire resistance 2, cold vulnerability 1, float, innate
caster, HP casting, extra vitality 1
a: Renounce Religion, Draw Escape, Draw Destruction, Draw Summoning, Triple Draw


You were on level 1 of the Abyss.
You worshipped Nemelex Xobeh.
Nemelex Xobeh was most pleased with you.
You visited 2 branches of the dungeon, and saw 10 of its levels.
You visited the Abyss 1 time.

You collected 540 gold pieces.

Inventory:

Hand Weapons
 m - the +7 scimitar "Dehasm" (weapon) {venom, rC+}
   (You found it on level 4 of the Dungeon)

   rC+:       It protects you from cold.
Armour
 i - a +0 buckler
 w - the +2 hat "Nelagh" {rC+ rN+}
   (You found it on level 9 of the Dungeon)

   rC+:       It protects you from cold.
   rN+:       It protects you from negative energy.
 y - a +0 pair of gloves (worn)
 z - a +1 hat
 D - the +1 hat of the Monk (worn) {rElec rPois rF+}
   (You found it on level 9 of the Dungeon)

   rF+:       It protects you from fire.
   rElec:     It insulates you from electricity.
   rPois:     It protects you from poison
 E - the +2 robe of the Sea (worn) {rC++}
   (You found it on level 9 of the Dungeon)

   rC++:      It greatly protects you from cold.
Jewellery
 a - a ring of positive energy (left hand)
 n - a ring of resist corrosion
 v - a +4 ring of protection (right hand)
Wands
 f - a wand of flame (54)
 l - a wand of paralysis (15)
Scrolls
 b - 3 scrolls of teleportation
 g - a scroll of enchant armour {unknown}
 h - a scroll of blinking {unknown}
 j - a scroll of enchant weapon {unknown}
 k - a scroll of amnesia {unknown}
 p - 3 scrolls of fear {unknown}
 q - 2 scrolls of vulnerability {unknown}
 u - a scroll of poison {unknown}
 x - 3 scrolls of immolation {unknown}
 A - a scroll of noise {unknown}
Potions
 c - 4 potions of brilliance
 d - 5 potions of curing
 e - a potion of lignification
 o - a potion of mutation {unknown}
 r - 2 potions of attraction
 s - a potion of enlightenment
 t - a potion of haste
 C - a potion of ambrosia {unknown}


   Skills:
 + Level 12.5 Fighting
 - Level 2.7 Dodging
 - Level 2.0 Stealth
 + Level 10.1 Spellcasting
 + Level 10.1 Conjurations
 + Level 10.1 Hexes
 + Level 10.1 Summonings
 + Level 10.1 Necromancy
 + Level 10.1 Translocations
 + Level 10.1 Fire Magic
 + Level 10.1 Ice Magic
 + Level 10.1 Air Magic
 + Level 10.1 Earth Magic
 + Level 10.1 Alchemy


You knew the following spells:

 Your Spells              Type           Power      Damage    Failure   Level
a - Sting                 Conj/Alch      100%       1d9       1%          1
b - Mercury Vapours       Alch/Air       100%       N/A       1%          2
c - Mephitic Cloud        Conj/Alch/Air  52%        N/A       1%          3
d - Olgreb's Toxic Radia  Alch           52%        N/A       1%          4
e - Sticky Flame          Fire/Alch      52%        2d9       1%          4
f - Magic Dart            Conj           100%       1d8       1%          1
g - Momentum Strike       Conj/Tloc      100%       3d10      1%          2
h - Ozocubu's Armour      Ice            52%        N/A       1%          3
i - Brom's Barrelling Bo  Conj/Erth      52%        2d7       1%          4
j - Iskenderun's Mystic   Conj/Tloc      52%        2d11      1%          4
Your spell library was empty.

Dungeon Overview and Level Annotations

Branches:
Dungeon (9/15)             Temple (1/1) D:5
   Lair: D:8-11         Orc: D:9-12

Altars:
Ashenzari
Dithmenos
Elyvilon
Fedhas
Gozag
Hepliaklqana
Makhleb
Nemelex Xobeh
Okawaru
Qazlal
Ru
Trog
Uskayaw
Wu Jian
Xom
Yredelemnul
Zin
The Shining One

Annotations:
D:6 1 runed translucent door, jasper's ghost, novice AtWr
D:9 Erolcha


Innate Abilities, Weirdness & Mutations

You are immune to sickness and miasma.
You are immune to poison.
Your flesh is very heat resistant. (rF++)
You are vulnerable to cold. (rC-)
You float through the air rather than walking.
You learn spells naturally, not from books.
Your magical power is your life essence.
You have superior vitality. (+4 MHP)


Message History

Casting: Brom's Barrelling Boulder (mildly dangerous; 1% risk of failure)
Confirm with . or Enter, or press ? or * to list all spells.
Aiming: Brom's Barrelling Boulder (mildly dangerous; 1% risk of failure)
Press: ? - help, Dir - move target, f/p - laughing skull
Aim: a laughing skull (heavily damaged, 100% to hit)
You send a boulder barrelling forward!
* * * LOW HITPOINT WARNING * * *
As you read the scroll of teleportation, it crumbles to dust.
You feel strangely unstable.
You feel the power of the Abyss delaying your translocation!
Your enlightenment fades.
The boulder barrels into the laughing skull!
The laughing skull is severely damaged.
The laughing skull is knocked back.
The boulder barrels into the laughing skull!
You destroy the laughing skull!
Your boulder slams into a wall and explodes!
The rocky shrapnel hits the laughing skull.
The laughing skull is heavily damaged.
Casting: Brom's Barrelling Boulder (mildly dangerous; 1% risk of failure)
Confirm with . or Enter, or press ? or * to list all spells.
Aiming: Brom's Barrelling Boulder (mildly dangerous; 1% risk of failure)
Press: ? - help, Dir - move target, f - laughing skull
Aim: a laughing skull (sparse dust, heavily damaged, 100% to hit)
You send a boulder barrelling forward!
* * * LOW HITPOINT WARNING * * *
It was a potion of might.
You feel very mighty all of a sudden.
The laughing skull headbutts your boulder.
Your boulder slams into a wall and explodes!
The rocky shrapnel hits the laughing skull!
The laughing skull is almost destroyed.
The rocky shrapnel hits you but does no damage.
The laughing skull gibbers with scorn.
The bolt of negative energy hits the laughing skull.
The laughing skull completely resists.
The bolt of negative energy hits you! You partially resist.
You feel drained.
You die...
The laughing skull crumbles to pieces from sheer joy.
Your body glows with a rainbow of weird colours and disappears.

.#### .# .
#.# # #. ##
z.# .. #.
...#z# ...
# ##z# .
.ยง#z# # ..
#z## #..
โ—‹..#โ—‹.#
... .#. .
#@# . # ..
#.# .. ..
...##.# . .
...#.# #
##.# #..
... ###


You could see 5 laughing skulls.

Vanquished Creatures
  A green death (Abyss:1)
  Amaemon (D:9)
  2 deep elf zephyrmancers (D:9)
  A worldbinder (Abyss:1)
  An orange demon (D:9)
  Maggie (D:9)
  Psyche (D:8)
  Grinder (D:5)
  3 yaks (D:9)
  2 wyverns
  A steam dragon (D:8)
  Eustachio (D:6)
  Duvessa (D:5)
  A swamp drake (D:9)
  3 sky beasts
  A black bear (D:6)
  An ice beast (D:5)
  4 orc warriors
  2 hornet zombies (D:6)
  A laughing skull (Abyss:1)
  An ogre (D:5)
  3 centaurs (D:7)
  3 phantoms
  A kobold brigand (D:7)
  A weeping skull (Abyss:1)
  A bullfrog (D:7)
  A wyvern zombie (D:6)
  A water moccasin zombie (D:6)
  3 scorpions
  5 wights (D:9)
  Dowan (D:5)
  18 killer bees
  A howler monkey (D:8)
  A crimson imp (D:9)
  A jelly (D:5)
  2 bullfrog zombies (D:6)
  7 hounds
  An iron imp (D:9)
  3 bombardier beetles
  A centaur skeleton (D:6)
  5 orc priests
  2 sleepcaps
  2 iguanas
  17 orc wizards
  A howler monkey zombie (D:6)
  11 adders
  6 gnolls (D:4)
  A shadow imp (D:9)
  2 white imps
  2 ufetubi (D:5)
  4 dart slugs
  4 ribbon worms
  50 orcs
  5 bats
  7 endoplasms
  3 giant cockroaches
  2 goblins
  6 hobgoblins
  4 jackals
  2 quokkas
  5 ball pythons
  11 frilled lizards
  14 kobolds
  5 rats
257 creatures vanquished.

Vanquished Creatures (collateral kills)
  13 boulders
13 creatures vanquished.

Vanquished Creatures (others)
  11 boulders
11 creatures vanquished.

Grand Total: 281 creatures vanquished

Notes
Turn   | Place    | Note
-------+----------+-------------------------------------------
     0 | D:1      | cforsyth the Djinni Alchemist began the quest for the Orb.
     0 | D:1      | cforsyth set off with the following spells memorised:
                  | Sting, Mercury Vapours, Mephitic Cloud, Olgreb's Toxic
                  | Radiance, Sticky Flame.
     0 | D:1      | Reached XP level 1. HP: 15/15 MP: 0/0
   129 | D:1      | Reached XP level 2. HP: 18/21 MP: 0/0
   656 | D:2      | Reached XP level 3. HP: 21/25 MP: 0/0
   656 | D:2      | Learned a level 1 spell: Magic Dart
   896 | D:2      | Reached skill level 1 in Fighting
  1025 | D:2      | Reached XP level 4. HP: 31/32 MP: 0/0
  1328 | D:2      | Found a faded altar of an unknown god.
  1908 | D:3      | Found a sparkling altar of Nemelex Xobeh.
  1950 | D:3      | Reached skill level 2 in Fighting
  2015 | D:3      | Reached XP level 5. HP: 18/39 MP: 0/0
  2015 | D:3      | Learned a level 2 spell: Momentum Strike
  2019 | D:3      | Reached skill level 3 in Fighting
  2550 | D:3      | Reached XP level 6. HP: 20/46 MP: 0/0
  2981 | D:4      | Reached skill level 4 in Fighting
  3158 | D:4      | Reached XP level 7. HP: 10/53 MP: 0/0
  3158 | D:4      | Learned a level 3 spell: Ozocubu's Armour
  3496 | D:4      | Found a sacrificial altar of Ru.
  3528 | D:4      | Reached skill level 5 in Spellcasting
  3528 | D:4      | Reached skill level 5 in Conjurations
  3528 | D:4      | Reached skill level 5 in Hexes
  3528 | D:4      | Reached skill level 5 in Summonings
  3528 | D:4      | Reached skill level 5 in Necromancy
  3528 | D:4      | Reached skill level 5 in Translocations
  3528 | D:4      | Reached skill level 5 in Fire Magic
  3528 | D:4      | Reached skill level 5 in Ice Magic
  3528 | D:4      | Reached skill level 5 in Air Magic
  3528 | D:4      | Reached skill level 5 in Earth Magic
  3528 | D:4      | Reached skill level 5 in Alchemy
  3675 | D:4      | Reached skill level 5 in Fighting
  3738 | D:4      | Identified the +7 scimitar "Dehasm" {venom, rC+}
  4231 | D:5      | Entered Level 5 of the Dungeon
  4310 | D:5      | Reached XP level 8. HP: 26/60 MP: 0/0
  4859 | D:5      | Reached skill level 6 in Fighting
  4870 | D:5      | Found a staircase to the Ecumenical Temple.
  4888 | Temple   | Entered the Ecumenical Temple
  5109 | D:3      | Became a worshipper of Nemelex Xobeh the Trickster
  5498 | D:5      | Noticed Grinder
  5501 | D:5      | Paralysed by Grinder for 2 turns
  5502 | D:5      | Killed Grinder
  5503 | D:5      | Reached skill level 7 in Fighting
  5503 | D:5      | Reached XP level 9. HP: 41/68 MP: 0/0
  5503 | D:5      | Learned a level 4 spell: Brom's Barrelling Boulder
  5601 | D:5      | Noticed Dowan
  5602 | D:5      | Noticed Duvessa
  5648 | D:5      | Killed Duvessa
  5690 | D:5      | Killed Dowan
  6393 | D:6      | Reached skill level 8 in Fighting
  6756 | D:6      | Noticed Eustachio
  7025 | D:6      | Found a runed translucent door.
  7026 | D:6      | Found a basalt altar of Yredelemnul.
  7282 | D:6      | Killed Eustachio
  7346 | D:6      | Noticed jasper's ghost (novice AtWr)
  7424 | D:6      | Reached * piety under Nemelex Xobeh
  7664 | D:7      | Reached skill level 9 in Fighting
  7773 | D:7      | Reached XP level 10. HP: 51/78 MP: 0/0
  8041 | D:7      | Received a gift from Nemelex Xobeh
  8257 | D:7      | Found a glowing golden altar of the Shining One.
  8626 | D:7      | Found an iron altar of Okawaru.
  8837 | D:8      | Reached skill level 10 in Fighting
  8883 | D:8      | Reached ** piety under Nemelex Xobeh
  8883 | D:8      | Received a gift from Nemelex Xobeh
  8934 | D:8      | Noticed Psyche
  8940 | D:8      | Killed Psyche
  9096 | D:8      | Found a hide-covered altar of Uskayaw.
  9989 | D:9      | Received a gift from Nemelex Xobeh
 10122 | D:9      | Reached skill level 11 in Fighting
 10173 | D:9      | Noticed Maggie
 10181 | D:9      | Killed Maggie
 10182 | D:9      | Reached XP level 11. HP: 71/87 MP: 0/0
 10182 | D:9      | Learned a level 4 spell: Iskenderun's Mystic Blast
 10498 | D:9      | Noticed a deep elf zephyrmancer
 10503 | D:9      | Killed a deep elf zephyrmancer
 10505 | D:9      | Noticed a deep elf zephyrmancer
 10512 | D:9      | Killed a deep elf zephyrmancer
 10606 | D:9      | Found the +3 hat of Pondering {ponderous, Will+ MP+10
                  | Int+5}
 10608 | D:9      | Identified the +2 hat "Nelagh" {rC+ rN+}
 10609 | D:9      | Identified the +1 hat of the Monk {rElec rPois rF+}
 10609 | D:9      | Identified the +2 robe of the Sea {rC++}
 10695 | D:9      | Noticed Amaemon
 10711 | D:9      | Killed Amaemon
 10720 | D:9      | Reached skill level 12 in Fighting
 10902 | D:9      | Reached *** piety under Nemelex Xobeh
 10902 | D:9      | Received a gift from Nemelex Xobeh
 11053 | D:9      | Noticed Erolcha
 11055 | Abyss:1  | Cast into level 1 of the Abyss (Erolcha)
 11097 | Abyss:1  | Noticed a worldbinder
 11104 | Abyss:1  | Noticed a goliath frog
 11105 | Abyss:1  | Noticed a goliath frog
 11112 | Abyss:1  | Noticed a bog body
 11113 | Abyss:1  | Killed a worldbinder
 11117 | Abyss:1  | Noticed a green death
 11129 | Abyss:1  | Reached skill level 10 in Spellcasting
 11129 | Abyss:1  | Reached skill level 10 in Conjurations
 11129 | Abyss:1  | Reached skill level 10 in Hexes
 11129 | Abyss:1  | Reached skill level 10 in Summonings
 11129 | Abyss:1  | Reached skill level 10 in Necromancy
 11129 | Abyss:1  | Reached skill level 10 in Translocations
 11129 | Abyss:1  | Reached skill level 10 in Fire Magic
 11129 | Abyss:1  | Reached skill level 10 in Ice Magic
 11129 | Abyss:1  | Reached skill level 10 in Air Magic
 11129 | Abyss:1  | Reached skill level 10 in Earth Magic
 11129 | Abyss:1  | Reached skill level 10 in Alchemy
 11152 | Abyss:1  | Killed a green death
 11188 | Abyss:1  | Killed from afar by a laughing skull

Illustrated notes

Levels and vault maps discovered:
D:1:      lightli_arrival_noodles, layout_loops_ring
D:2:      layout_loops_cross, dreamdust_ecumenical_altar_angels_and_demons,
          minmay_misc_feat_four_crosses, lexackson_kobold_supper
D:3:      layout_loops_ring, mainiacjoe_overflow_alcove_2
D:4:      layout_basic, nicolae_ru_awakened_eye
D:5:      layout_basic, minmay_temple_entry_drinking_statues,
          kennysheep_generic_room_10, uniq_grinder, uniq_duvessa
D:6:      layout_cave_pools, yredelemnul_altar_generic, serial_undead,
          serial_undead_c, serial_undead_d, serial_undead_b, serial_undead_c,
          hellmonk_ghost_happy_afterlife, hangedman_abyss_or_decor_stagger,
          amethyst_killhole, chequers_serial_rivers_small_3,
          kennysheep_generic_room_13, uniq_eustachio
D:7:      layout_loops_cross, mainiacjoe_overflow_cross_hatched,
          mainiacjoe_overflow_catch_the_wave
D:8:      layout_basic, overflow_temple_1_default, uniq_psyche
D:9:      layout_roguey, hangedman_minor_magic, uniq_erolcha, uniq_amaemon,
          uniq_maggie
Temple:   eino_temple_water
Abyss:1:  base:
D:4

Skill      XL: |  1  2  3  4  5  6  7  8  9 10 11 |
---------------+----------------------------------+-----
Stealth        | 2 |  2.0
Fighting       | 1 2 3 4 5 7 9 11 12 | 12.5
Spellcasting   | 4 5 6 7 9 10 | 10.1
Conjurations   | 4 5 6 7 9 10 | 10.1
Hexes          | 4 5 6 7 9 10 | 10.1
Summonings     | 4 5 6 7 9 10 | 10.1
Necromancy     | 4 5 6 7 9 10 | 10.1
Translocations | 4 5 6 7 9 10 | 10.1
Fire Magic     | 4 5 6 7 9 10 | 10.1
Ice Magic      | 4 5 6 7 9 10 | 10.1
Air Magic      | 4 5 6 7 9 10 | 10.1
Earth Magic    | 4 5 6 7 9 10 | 10.1
Alchemy        | 4 5 6 7 9 10 | 10.1
Dodging        | |  2.7

Action                     |  1- 3 |  4- 6 |  7- 9 | 10-12 || total
---------------------------+-------+-------+-------+-------++-------
  Melee: Unarmed           |     3 |       |       |       ||     3
         Scimitar          |       |       |     2 |     4 ||     6
   Cast: Sting             |    79 |    90 |   121 |   100 ||   390
         Olgreb's Toxic Ra |       |     5 |    27 |    42 ||    74
         Sticky Flame      |       |     5 |    45 |     7 ||    57
         Mephitic Cloud    |       |     4 |    10 |    21 ||    35
         Brom's Barrelling |       |       |     6 |    22 ||    28
         Iskenderun's Myst |       |       |       |    14 ||    14
    Use: Scroll            |       |     1 |     2 |     3 ||     6
         Potion            |       |       |     1 |     4 ||     5
 Armour: Robe              |    11 |    28 |    67 |     6 ||   112
         Leather armour    |       |       |     7 |    24 ||    31
         Skin              |       |       |       |     1 ||     1
  Dodge: Dodged            |    13 |    22 |    53 |    21 ||   109

Table legend: (Time is in decaauts)
 A = Elapsed time spent in this place.
 B = Non-inter-level travel time spent in this place.
 C = Inter-level travel time spent in this place.
 D = Time resting spent in this place.
 E = Time spent auto-exploring this place.
 F = Levels seen in this place.
 G = Mean time per level.
                   A        B        C        D        E       F      G
               +--------+--------+--------+--------+--------+-----+--------+
         Total |  11178 |  10693 |    485 |    441 |   8531 |  11 | 1016.2 |
       Dungeon |  10957 |  10474 |    483 |    438 |   8465 |   9 | 1217.4 |
        Temple |    102 |    100 |      2 |      0 |     47 |   1 |  102.0 |
         Abyss |    118 |    118 |      0 |      3 |     19 |   1 |  118.0 |
               +--------+--------+--------+--------+--------+-----+--------+

Top non-repeatable levels by time:
     D:5: 1788 daAuts
     D:4: 1515 daAuts
     D:6: 1389 daAuts
     D:3: 1207 daAuts
     D:8: 1194 daAuts
     D:7: 1109 daAuts
     D:9: 1101 daAuts
     D:2: 1012 daAuts
     D:1: 638 daAuts
 Abyss:1: 118 daAuts
  Temple: 102 daAuts
